[Event "Titled Tuesday Blitz April 4 Early 2023"]
[White "Movahed, Sina"]
[Black "Nikologorskiy, Konstantin"]
[WhiteFideId "42520835"]
[BlackFideId "24111708"]
[WhiteElo "2225"]
[BlackElo "2293"]
[Result "1-0"]
[Round "02"]
[TimeControl "180+2"]
[Date "2023.04.04"]
[WhiteClock "0:00:49"]
[BlackClock "0:00:01"]

1. e4 c5 2. Nf3 d6 3. d4 cxd4 4. Nxd4 Nf6 5. Nc3 a6 6. Bg5 Nbd7 7. Qe2 h6 8. Bxf6 Nxf6 9. O-O-O e5 10. Nf5 Bxf5 11. exf5 Be7 12. g4 Qa5 13. Kb1 O-O-O 14. Qc4+ Kb8 15. Qxf7 Rd7 16. Qxg7 Rg8 17. Qxh6 Nxg4 18. Qe6 Rgd8 19. Rd2 Bg5 20. Re2 Rc7 21. Rg1 Nxh2 22. Rxg5 Nf3 23. Rg8 Rxg8 24. Qxg8+ Rc8 25. Qd5 Qxd5 26. Nxd5 Nd4 27. Rd2 Nxf5 28. Bh3 Rh8 29. Bf1 Rh1 30. Rd1 Nd4 31. Kc1 Rh2 32. c3 Nf3 33. Ne3 Rxf2 34. Rxd6 Nh2 35. Bc4 1-0


[Site "https://www.chess.com"]

[Event "Titled Tuesday Blitz April 4 Early 2023"]
[White "Sokac, Marko"]
[Black "Lenderman, Aleksandr"]
[WhiteFideId "14531356"]
[BlackFideId "2021285"]
[WhiteElo "2355"]
[BlackElo "2607"]
[Result "0-1"]
[Round "02"]
[TimeControl "180+2"]
[Date "2023.04.04"]
[WhiteClock "0:02:11"]
[BlackClock "0:02:18"]

1. e4 d5 2. exd5 Nf6 3. d4 Bg4 4. Be2 Bxe2 5. Nxe2 Qxd5 6. O-O Nc6 7. c3 O-O-O 8. Qc2 e5 9. dxe5 Nxe5 10. Bf4 Bc5 11. Nd2 Ng6 12. Nf3 Rhe8 13. Bg3 Qe4 14. Qxe4 Nxe4 15. Rad1 f5 16. Nf4 Rxd1 17. Rxd1 Nxf4 18. Bxf4 Nxf2 19. Rd5 Nh3+ 20. Kf1 Nxf4 21. Rxc5 g6 22. Rc4 Nd5 23. Rd4 Ne3+ 24. Kf2 Ng4+ 25. Kg3 Nf6 26. Kf4 h6 27. h4 Nh5# 0-1


[Site "https://www.chess.com"]

[Event "Titled Tuesday Blitz April 4 Early 2023"]
[White "Rasulov, Vugar"]
[Black "Munoz, Francisco Javier"]
[WhiteFideId "13402390"]
[BlackFideId "128368"]
[WhiteElo "2509"]
[BlackElo "2383"]
[Result "1-0"]
[Round "02"]
[TimeControl "180+2"]
[Date "2023.04.04"]
[WhiteClock "0:01:17"]
[BlackClock "0:00:11"]

1. d4 d5 2. c4 e6 3. Nc3 Nf6 4. Bg5 Nbd7 5. e3 Be7 6. Rc1 h6 7. Bh4 O-O 8. Nf3 dxc4 9. Bxc4 a6 10. Bd3 c5 11. O-O cxd4 12. Nxd4 Ne5 13. Be2 Bd7 14. Bg3 Ng6 15. Bf3 Qb6 16. Qb3 Qxb3 17. Nxb3 Ra7 18. Rfd1 b5 19. Ne4 Nxe4 20. Bxe4 Rc8 21. Na5 f5 22. Bf3 Rxc1 23. Rxc1 Be8 24. Rc8 Kf7 25. h3 Bb4 26. Nb7 Ne7 27. Rc7 a5 28. Nd8+ 1-0


[Site "https://www.chess.com"]

[Event "Titled Tuesday Blitz April 4 Early 2023"]
[White "Antal, Gergely"]
[Black "Hovhannisyan, Robert"]
[WhiteFideId "717312"]
[BlackFideId "13302507"]
[WhiteElo "2471"]
[BlackElo "2570"]
[Result "1-0"]
[Round "02"]
[TimeControl "180+2"]
[Date "2023.04.04"]
[WhiteClock "0:00:32"]
[BlackClock "0:00:49"]

1. e4 Nc6 2. Nf3 e5 3. Nc3 Nf6 4. d4 exd4 5. Nxd4 Bc5 6. Nxc6 dxc6 7. Qxd8+ Kxd8 8. Bc4 Ng4 9. Bxf7 Bxf2+ 10. Ke2 Bh4 11. h3 Ne5 12. Bb3 Ke7 13. Be3 b6 14. Rad1 Rd8 15. Rxd8 Ba6+ 16. Rd3 Bf6 17. Rd1 h5 18. Kf2 Nxd3+ 19. cxd3 Be5 20. d4 Rf8+ 21. Kg1 Bg3 22. Bc2 h4 23. Bd3 Bc8 24. Rf1 Rxf1+ 25. Kxf1 Be6 26. a3 a5 27. Ne2 Bh2 28. Bg5+ Ke8 29. Bxh4 c5 30. dxc5 bxc5 31. Bg3 Bxg3 32. Nxg3 Kd7 33. Ke2 Kd6 34. Ke3 Ke5 35. Ne2 c4 36. Bc2 c5 37. Ng1 Kd6 38. Nf3 Kc6 39. Kd2 Bg8 40. Kc3 Kb5 41. Ne5 g5 42. Nxc4 1-0


[Site "https://www.chess.com"]

[Event "Titled Tuesday Blitz April 4 Early 2023"]
[White "Seemann, Jakub"]
[Black "Steinberg, Nitzan"]
[WhiteFideId "21874697"]
[BlackFideId "2801795"]
[WhiteElo "2364"]
[BlackElo "2486"]
[Result "1-0"]
[Round "02"]
[TimeControl "180+2"]
[Date "2023.04.04"]
[WhiteClock "0:00:56"]
[BlackClock "0:00:15"]

1. e4 c5 2. Nf3 e6 3. d4 cxd4 4. Nxd4 Nc6 5. Nc3 Qc7 6. a3 a6 7. Be3 Nf6 8. f4 h5 9. Nxc6 bxc6 10. e5 Ng4 11. Bg1 d5 12. exd6 Bxd6 13. g3 c5 14. Bg2 Bb7 15. Bxb7 Qxb7 16. Qxd6 Qxh1 17. O-O-O Qb7 18. Bxc5 Nf6 19. f5 Qd7 20. Qe5 Qc8 21. Qd4 Rb8 22. Qa4+ Nd7 23. Ne4 Kd8 24. fxe6 fxe6 25. Nd6 Qxc5 26. Nf7+ Ke7 27. Qxd7+ Kf6 28. Rf1+ Kg6 29. Qd3+ Qf5 30. Nxh8+ Rxh8 31. Rxf5 exf5 32. h4 Rf8 33. Qd6+ Rf6 34. Qf4 Re6 35. c4 Re4 36. Qg5+ 1-0


[Site "https://www.chess.com"]

[Event "Titled Tuesday Blitz April 4 Early 2023"]
[White "Gurel, Ediz"]
[Black "Belozerov, Andrei"]
[WhiteFideId "44507356"]
[BlackFideId "4120213"]
[WhiteElo "2352"]
[BlackElo "2373"]
[Result "1-0"]
[Round "02"]
[TimeControl "180+2"]
[Date "2023.04.04"]
[WhiteClock "0:00:14"]
[BlackClock "0:00:14"]

1. e4 c5 2. Nf3 Nc6 3. d4 cxd4 4. Nxd4 g6 5. c4 Nf6 6. Nc3 d6 7. Be2 Bg7 8. Be3 O-O 9. O-O Nxd4 10. Bxd4 Bd7 11. Qd2 Bc6 12. f3 a5 13. Rab1 Nd7 14. Bf2 Nc5 15. b3 Qc7 16. Rfc1 Rfc8 17. Nd5 Qd8 18. Rc2 e6 19. Nc3 Be5 20. Rd1 Qf6 21. g3 Rd8 22. Be3 Rd7 23. Nd5 exd5 24. cxd5 Rdd8 25. dxc6 bxc6 26. f4 Nxe4 27. fxe5 dxe5 28. Qe1 a4 29. Bd3 Ng5 30. Bxg5 Qxg5 31. b4 Rd4 32. Bf1 Rad8 33. Rxd4 exd4 34. Bd3 Qd5 35. Qe4 Qxe4 36. Bxe4 d3 37. Rd2 Rd4 38. Bxc6 Rxb4 39. Kf2 Kg7 40. Ke3 h5 41. Kxd3 h4 42. Kc3 Rg4 43. Rd3 hxg3 44. hxg3 f5 45. Kb2 Kf6 46. Ka3 g5 47. Bxa4 Ke5 48. Bd7 Rc4 49. Kb3 Rc7 50. a4 Ke4 51. Bb5 f4 52. gxf4 gxf4 53. Rc3 Rb7 54. Kc4 Rc7+ 55. Kb4 Rb7 56. Ka5 Rb8 57. Rb3 Kd4 58. Ka6 f3 59. Rxf3 Ra8+ 60. Kb6 Rb8+ 61. Kc7 Ra8 62. Rf4+ Kc5 63. Rc4+ Kd5 64. Bc6+ Kxc4 65. Bxa8 Kb4 66. Bc6 Ka5 67. Bb5 Kb4 68. Kb6 1-0


[Site "https://www.chess.com"]

[Event "Titled Tuesday Blitz April 4 Early 2023"]
[White "Aslanov, Umid"]
[Black "Ibrahimli, Murad"]
[WhiteFideId "13412620"]
[BlackFideId "13410229"]
[WhiteElo "2013"]
[BlackElo "2364"]
[Result "1-0"]
[Round "02"]
[TimeControl "180+2"]
[Date "2023.04.04"]
[WhiteClock "0:00:08"]
[BlackClock "0:00:07"]

1. e4 c5 2. Nf3 e6 3. d4 cxd4 4. Nxd4 a6 5. Bd3 Bc5 6. Nb3 Be7 7. Qg4 g6 8. Qe2 Nc6 9. O-O d6 10. c4 Bf6 11. Nc3 Nge7 12. Bh6 Ng8 13. Be3 Bg7 14. Rad1 Nge7 15. f4 O-O 16. Qf2 Bd7 17. Be2 Qb8 18. c5 d5 19. exd5 exd5 20. Nxd5 Nxd5 21. Rxd5 Be6 22. Rd6 Re8 23. Bd4 Bf8 24. Be5 Bxd6 25. cxd6 Bxb3 26. axb3 Qd8 27. Bc4 Rc8 28. Rd1 Qd7 29. Bc3 b5 30. Bd5 b4 31. Bf6 Nb8 32. Qh4 Qf5 33. Bd4 h5 34. Qf6 Qxf6 35. Bxf6 Nd7 36. Bd4 Red8 37. Bc4 a5 38. Bb5 Rc2 39. h3 Kf8 40. g4 hxg4 41. hxg4 Rcc8 42. f5 gxf5 43. gxf5 Rb8 44. Ba4 Rbc8 45. Kf2 f6 46. Bb5 Rc2+ 47. Ke3 Ne5 48. Bxe5 fxe5 49. Bc4 Kg7 50. Rg1+ Kf6 51. Rg6+ Kxf5 52. Bd3+ e4 53. Bxe4+ Ke5 54. Bxc2 Rxd6 55. Rxd6 Kxd6 56. Kd4 Kc6 57. Be4+ Kb6 58. Kc4 1-0


[Site "https://www.chess.com"]

[Event "Titled Tuesday Blitz April 4 Early 2023"]
[White "Ozates, Tuna"]
[Black "Rakhmatullaev, Almas"]
[WhiteFideId "6354521"]
[BlackFideId "14205793"]
[WhiteElo "2151"]
[BlackElo "2221"]
[Result "0-1"]
[Round "02"]
[TimeControl "180+2"]
[Date "2023.04.04"]
[WhiteClock "0:00:08"]
[BlackClock "0:00:14"]

1. e4 e5 2. Nf3 Nf6 3. Nxe5 Nxe4 4. Qe2 Qe7 5. Qxe4 d6 6. d4 dxe5 7. dxe5 Nc6 8. Nc3 Qxe5 9. Qxe5+ Nxe5 10. Bf4 Bd6 11. Bg3 f6 12. Nb5 Bb4+ 13. c3 Ba5 14. O-O-O O-O 15. f3 Bb6 16. Bxe5 fxe5 17. Bd3 Be6 18. Rhe1 Bxa2 19. Rxe5 Rad8 20. Kc2 Bf7 21. Re7 Rfe8 22. Rde1 Rxe7 23. Rxe7 Kf8 24. Re5 g6 25. Na3 c6 26. h4 Bc7 27. Re2 b5 28. Nb1 a5 29. Nd2 a4 30. Be4 Rd6 31. Re3 c5 32. Rd3 b4 33. Rxd6 Bxd6 34. c4 b3+ 35. Kc1 Bf4 36. Kd1 Be8 37. Nb1 Be5 38. Kc1 h5 39. Na3 Bg3 40. Nb5 Bxh4 41. Nc7 Bg5+ 42. Kd1 Bf7 43. Na6 Be3 44. Bd3 Bd4 45. Kc1 g5 46. Nb8 Be8 47. Na6 g4 48. fxg4 hxg4 49. Nc7 Bd7 50. Nd5 g3 51. Kb1 Bg4 52. Nb6 Bf3 53. Bf1 Be4+ 54. Kc1 a3 55. bxa3 b2+ 0-1


[Site "https://www.chess.com"]

[Event "Titled Tuesday Blitz April 4 Early 2023"]
[White "Jakubowski, Krzysztof"]
[Black "Drygalov, Andrey"]
[WhiteFideId "1112848"]
[BlackFideId "24171735"]
[WhiteElo "2359"]
[BlackElo "2466"]
[Result "1/2-1/2"]
[Round "02"]
[TimeControl "180+2"]
[Date "2023.04.04"]
[WhiteClock "0:00:02"]
[BlackClock "0:00:02"]

1. e4 c5 2. Nf3 d6 3. d4 cxd4 4. Nxd4 Nf6 5. Nc3 a6 6. Be3 e5 7. Nb3 Be7 8. h3 Be6 9. Qf3 Nbd7 10. O-O-O b5 11. g4 h6 12. Kb1 Nb6 13. Nc5 Bc4 14. Nd3 Rc8 15. h4 Nfd7 16. g5 hxg5 17. hxg5 Rxh1 18. Qxh1 Bxg5 19. Qh8+ Nf8 20. Bh3 Bxe3 21. Bxc8 Bd4 22. Bb7 Bxc3 23. Bc6+ Ke7 24. bxc3 Qc7 25. Nb4 Na4 26. Qh3 a5 27. Nd5+ Bxd5 28. exd5 Qb6 29. Qh4+ f6 30. Rg1 g6 31. Qh8 Kf7 32. Rh1 Nxc3+ 33. Ka1 f5 34. Rh7+ Nxh7 35. Qxh7+ Kf6 36. Qh4+ Kf7 37. Qh7+ Kf6 38. Qh4+ Kf7 39. Qh7+ 1/2-1/2


[Site "https://www.chess.com"]

[Event "Titled Tuesday Blitz April 4 Early 2023"]
[White "Indjic, Aleksandar"]
[Black "Kozin, Yuri"]
[WhiteFideId "911925"]
[BlackFideId "4129920"]
[WhiteElo "2614"]
[BlackElo "2602"]
[Result "1-0"]
[Round "02"]
[TimeControl "180+2"]
[Date "2023.04.04"]
[WhiteClock "0:01:47"]
[BlackClock "0:00:20"]

1. d4 d5 2. c4 c6 3. cxd5 cxd5 4. Bg5 Nf6 5. Bxf6 gxf6 6. Nc3 Nc6 7. e3 e6 8. Nge2 Bd6 9. Ng3 f5 10. Nh5 Bd7 11. g3 Rc8 12. Rc1 a6 13. Be2 Na5 14. O-O O-O 15. Bd3 Kh8 16. Ne2 Rxc1 17. Qxc1 Qc7 18. Qd2 Nc4 19. Bxc4 Qxc4 20. e4 Rg8 21. Nf6 Rg6 22. Nxd7 fxe4 23. Ne5 Bxe5 24. dxe5 Qc7 25. Qd4 Rg5 26. Rc1 Qxe5 27. Qxe5+ Rxe5 28. Rc7 Kg7 29. Rxb7 e3 30. f3 d4 31. Rd7 Rc5 32. Nxd4 Rc1+ 33. Kg2 Kf6 34. f4 Rd1 35. Kf3 Rd2 36. Kxe3 Rxh2 37. Rb7 Rg2 38. Ne2 h5 39. Ra7 a5 40. Rxa5 Rh2 1-0


[Site "https://www.chess.com"]

[Event "Titled Tuesday Blitz April 4 Early 2023"]
[White "Kevlishvili, Robby"]
[Black "Danielyan, Vahe"]
[WhiteFideId "1040634"]
[BlackFideId "13304828"]
[WhiteElo "2572"]
[BlackElo "2423"]
[Result "0-1"]
[Round "02"]
[TimeControl "180+2"]
[Date "2023.04.04"]
[WhiteClock "0:00:19"]
[BlackClock "0:00:13"]

1. e4 c5 2. Nf3 d6 3. Bc4 Nf6 4. d3 Nc6 5. O-O g6 6. c3 Bg7 7. Bb3 O-O 8. Re1 b5 9. Nbd2 a5 10. a4 b4 11. Nc4 Rb8 12. h3 d5 13. Nce5 Nxe5 14. Nxe5 Bb7 15. Bf4 Rc8 16. cxb4 axb4 17. Qc2 Ba6 18. exd5 Nxd5 19. Bh2 e6 20. a5 Qg5 21. Nf3 Qf6 22. Be5 Qf5 23. Bc4 Bb7 24. Bxg7 Kxg7 25. a6 Ba8 26. Qe2 Nf4 27. Qe5+ Qxe5 28. Rxe5 Rfd8 29. Ne1 f6 30. Re3 e5 31. Kh2 Rd6 32. g3 Nd5 33. Re2 Rcd8 34. Nc2 Nb6 35. Bb5 Bc6 36. Bxc6 Rxc6 37. a7 Ra8 38. Ra6 Rd6 39. Ra5 Rc6 40. Ne3 Nc8 41. Rc2 Rxa7 42. Raxc5 Rxc5 43. Rxc5 Ne7 44. Rc6 Nxc6 0-1


[Site "https://www.chess.com"]

[Event "Titled Tuesday Blitz April 4 Early 2023"]
[White "Ashraf, Artin"]
[Black "Ambartsumova, Karina"]
[WhiteFideId "22514805"]
[BlackFideId "4166299"]
[WhiteElo "2188"]
[BlackElo "2240"]
[Result "1-0"]
[Round "02"]
[TimeControl "180+2"]
[Date "2023.04.04"]
[WhiteClock "0:00:06"]
[BlackClock "0:00:03"]

1. e3 e5 2. d4 exd4 3. exd4 d5 4. Bd3 Nf6 5. Nc3 c6 6. Bf4 Bd6 7. Qf3 O-O 8. h3 Re8+ 9. Nge2 Bxf4 10. Qxf4 Nbd7 11. f3 b5 12. a3 a5 13. O-O Nf8 14. Rae1 Ne6 15. Qh4 b4 16. axb4 axb4 17. Nd1 Ba6 18. Nf2 h6 19. Ra1 Qb6 20. b3 Bxd3 21. Nxd3 Rxa1 22. Rxa1 c5 23. dxc5 Nxc5 24. Qd4 Rxe2 25. Nxc5 g6 26. Ra2 Qd8 27. Nd3 Re6 28. Qxb4 Kg7 29. Qd4 Qb6 30. Qxb6 Rxb6 31. Kf2 Rc6 32. Ke3 Rc7 33. Kd4 h5 34. Nc5 g5 35. b4 g4 36. b5 Ne8 37. b6 Rc8 38. b7 Rb8 39. Ra8 1-0


[Site "https://www.chess.com"]

[Event "Titled Tuesday Blitz April 4 Early 2023"]
[White "Belov, Alexei"]
[Black "Ahmadzada, Ahmad"]
[WhiteFideId "4128206"]
[BlackFideId "13413007"]
[WhiteElo "2598"]
[BlackElo "2388"]
[Result "1-0"]
[Round "02"]
[TimeControl "180+2"]
[Date "2023.04.04"]
[WhiteClock "0:01:18"]
[BlackClock "0:01:06"]

1. e4 a6 2. d4 b5 3. Nf3 Bb7 4. Bd3 e6 5. c3 Nf6 6. Nbd2 c5 7. O-O Nc6 8. Qe2 cxd4 9. cxd4 Nb4 10. Bb1 Rc8 11. e5 Nfd5 12. Ne4 d6 13. a3 Nc6 14. Bg5 Qd7 15. a4 h6 16. Bh4 Nf4 17. Qe3 Ng6 18. Bg3 d5 19. Nd6+ Bxd6 20. exd6 f5 21. Bxf5 Nf8 22. axb5 axb5 23. Rfe1 Kf7 24. Bd3 Kg8 25. Bxb5 Ng6 26. Qxe6+ Qxe6 27. Rxe6 Kf7 28. Rae1 Nd8 29. Be8+ Kf8 30. Rxg6 1-0


[Site "https://www.chess.com"]

[Event "Titled Tuesday Blitz April 4 Early 2023"]
[White "Zhigalko, Sergei"]
[Black "Gontcharov, Vladislav"]
[WhiteFideId "13502956"]
[BlackFideId "4123492"]
[WhiteElo "2626"]
[BlackElo "2420"]
[Result "1-0"]
[Round "02"]
[TimeControl "180+2"]
[Date "2023.04.04"]
[WhiteClock "0:00:04"]
[BlackClock "0:00:03"]

1. e4 e6 2. d4 d5 3. e5 c5 4. c3 Nc6 5. Nf3 Nge7 6. Na3 cxd4 7. cxd4 Nf5 8. Nc2 Nh4 9. a3 Nxf3+ 10. Qxf3 Qb6 11. Qe3 Bd7 12. b4 Rc8 13. Bd3 Be7 14. O-O O-O 15. Bd2 f5 16. f4 Nd8 17. b5 Nf7 18. a4 Qd8 19. Rac1 Kh8 20. Na1 Rxc1 21. Rxc1 Qb8 22. Nb3 b6 23. Qe1 Rc8 24. Na1 Rxc1 25. Qxc1 Qc8 26. Qe1 Qf8 27. Nc2 h6 28. Nb4 Nd8 29. Na6 Nb7 30. Qc1 Qc8 31. Qxc8+ Bxc8 32. Nb8 Nd8 33. a5 Kg8 34. Kf2 Kf8 35. Kf3 Ke8 36. g4 g6 37. h3 Bd7 38. Be1 Nb7 39. axb6 axb6 40. Nc6 1-0


[Site "https://www.chess.com"]

[Event "Titled Tuesday Blitz April 4 Early 2023"]
[White "Lewicki, Miroslaw"]
[Black "Durarbayli, Vasif"]
[WhiteFideId "1113380"]
[BlackFideId "13402935"]
[WhiteElo "2212"]
[BlackElo "2551"]
[Result "0-1"]
[Round "02"]
[TimeControl "180+2"]
[Date "2023.04.04"]
[WhiteClock "0:00:02"]
[BlackClock "0:00:05"]

1. e4 c5 2. Nf3 d6 3. Nc3 Nf6 4. g3 Nc6 5. Bg2 e5 6. O-O Be7 7. d3 O-O 8. h3 h6 9. Kh2 Be6 10. Nh4 d5 11. Nf5 Bxf5 12. exf5 Qd7 13. g4 Rad8 14. Bd2 Rfe8 15. Re1 Bd6 16. Nxd5 e4+ 17. Nf4 Qc7 18. Qc1 Nd5 19. Kg3 Nxf4 20. Bxf4 exd3 21. Rxe8+ Rxe8 22. cxd3 Nd4 23. Bf3 h5 24. Bxd6 Qxd6+ 25. Kg2 Nxf3 26. Kxf3 Qxd3+ 27. Kg2 Qe4+ 28. Kg3 Qd3+ 29. Kg2 Qd5+ 30. Kg3 Qe5+ 31. Kg2 hxg4 32. hxg4 Qe4+ 33. Kg3 Rd8 34. f3 Rd3 35. Qf1 Qe5+ 36. Kh3 Rd2 37. Qg1 Qxb2 38. Rd1 Rxd1 39. Qxd1 Qd4 40. Qe2 Qd7 41. Qe5 b6 42. f6 gxf6 43. Qxf6 Kf8 44. Qh8+ Ke7 45. Qe5+ Kf8 46. Qh8+ Ke7 47. Qe5+ Qe6 48. Qc7+ Kf6 49. Qxa7 Qc6 50. Kg3 c4 51. Qb8 c3 52. Qh8+ Ke7 53. Qe5+ Kd7 54. Qf5+ Kc7 55. Qc2 b5 56. Kf2 b4 57. Ke3 Qd5 58. Ke2 Qc4+ 59. Ke3 Qd5 60. Ke2 Kc6 61. a3 Qc4+ 62. Qd3 Qa2+ 63. Ke3 Qe6+ 64. Qe4+ Qxe4+ 65. fxe4 bxa3 66. Kd3 a2 0-1


[Site "https://www.chess.com"]

[Event "Titled Tuesday Blitz April 4 Early 2023"]
[White "Zakhartsov, Vladimir"]
[Black "Postnikov, Daniil"]
[WhiteFideId "4145097"]
[BlackFideId "4166329"]
[WhiteElo "2497"]
[BlackElo "2261"]
[Result "1-0"]
[Round "02"]
[TimeControl "180+2"]
[Date "2023.04.04"]
[WhiteClock "0:00:06"]
[BlackClock "0:00:01"]

1. e4 e6 2. d4 d5 3. Nd2 Nf6 4. Bd3 dxe4 5. Nxe4 Nbd7 6. Nf3 Be7 7. Qe2 O-O 8. Bg5 h6 9. h4 Nd5 10. Bd2 c5 11. dxc5 Nxc5 12. Nxc5 Bxc5 13. O-O-O Qc7 14. g4 Nf4 15. Bxf4 Qxf4+ 16. Kb1 b6 17. Be4 Rb8 18. g5 Ba6 19. Qe1 h5 20. g6 fxg6 21. Rg1 Rfd8 22. Rc1 Rbc8 23. Rxg6 Bc4 24. Qg1 Rc7 25. Ng5 Qxh4 26. Nxe6 Bxe6 27. Rxe6 Qg4 28. Qxg4 hxg4 29. Rg6 Bxf2 30. Rxg4 Rcd7 31. Bd3 Rd4 32. Rg2 Bh4 33. a3 Bf6 34. Rf1 Kf7 35. Bg6+ Kf8 36. Bd3 Kf7 37. Bg6+ Kf8 38. Ka2 Rd1 39. Rff2 R8d5 40. Re2 Re5 41. Ref2 Ke7 42. Bd3 Kd6 43. Rg4 Rde1 44. Rc4 Rg1 45. Rc8 Ree1 46. Kb3 a5 47. a4 Rb1 48. c3 Rbd1 49. Bc2 Rdf1 50. Rd2+ Ke7 51. Rc7+ Ke6 52. Rc6+ 1-0


[Site "https://www.chess.com"]

[Event "Titled Tuesday Blitz April 4 Early 2023"]
[White "Fiorito, Francisco"]
[Black "Hayrapetyan, Artavazd R."]
[WhiteFideId "180165"]
[BlackFideId "13304240"]
[WhiteElo "2341"]
[BlackElo "2417"]
[Result "0-1"]
[Round "02"]
[TimeControl "180+2"]
[Date "2023.04.04"]
[WhiteClock "0:00:03"]
[BlackClock "0:00:09"]

1. d4 Nf6 2. Bf4 d5 3. e3 c5 4. dxc5 e6 5. b4 a5 6. c3 Bd7 7. Qb3 axb4 8. cxb4 b6 9. Nf3 bxc5 10. bxc5 Bxc5 11. Bd3 O-O 12. O-O Qa5 13. Nc3 Nh5 14. Be5 Nc6 15. Rfc1 Rfc8 16. Qd1 Ba3 17. Rc2 Be8 18. Ng5 g6 19. Bg3 Nxg3 20. hxg3 Nb4 21. Ne2 Nxc2 22. Bxc2 Ba4 23. Bxa4 Qxa4 24. Qd3 Qc2 25. Qb5 Rab8 26. Qa6 Ra8 27. Qb7 Qc7 28. Qb3 Be7 29. Nf3 Bf6 30. Ned4 Qc4 31. Qb6 Rcb8 32. Qd6 Rd8 33. Qf4 Bxd4 34. exd4 Rxa2 35. Rxa2 Qxa2 36. Ne5 Qb1+ 37. Kh2 Qf5 38. Qc1 Rb8 39. g4 Qf6 40. Qc7 Re8 41. Kg3 Qe7 42. Qc6 Rd8 43. f4 Rb8 44. g5 h5 45. gxh6 Rb3+ 46. Nf3 Kh7 47. Qc2 Re3 48. Qd2 Qa3 49. Kg4 Rxf3 50. gxf3 Qb3 51. Qh2 Qd3 52. Qf2 Qf5+ 53. Kg3 Kxh6 54. Qa2 Kg7 55. Qa7 Qd3 56. Qb6 Qd1 57. Qa7 Qg1+ 58. Kh3 Qf2 59. Qa3 Qxd4 60. Kg3 Qf6 61. Qe3 Qa1 62. Kh3 Qb2 63. Kg3 Qf6 64. Qd3 g5 65. fxg5 Qxg5+ 66. Kf2 Qf5 67. Qd4+ Qf6 68. Qh4 Qg6 69. Qd4+ Qf6 70. Qd2 Qe5 71. Qc2 d4 72. Qd3 Kf6 73. Qh7 Qe3+ 74. Kg3 Qg1+ 75. Kf4 Qg5+ 76. Ke4 Qe5+ 77. Kd3 Qf5+ 78. Qxf5+ Kxf5 79. Kxd4 Kf4 0-1


[Site "https://www.chess.com"]

[Event "Titled Tuesday Blitz April 4 Early 2023"]
[White "Samsonkin, Artiom"]
[Black "Adla, Diego"]
[WhiteFideId "13503111"]
[BlackFideId "100072"]
[WhiteElo "2524"]
[BlackElo "2377"]
[Result "1-0"]
[Round "02"]
[TimeControl "180+2"]
[Date "2023.04.04"]
[WhiteClock "0:00:07"]
[BlackClock "0:00:13"]

1. e4 e5 2. Nf3 Nc6 3. d4 exd4 4. Bc4 Nf6 5. e5 d5 6. Bb5 Ne4 7. Nxd4 Bc5 8. Be3 O-O 9. Nxc6 bxc6 10. Bxc5 Nxc5 11. Bxc6 Rb8 12. Qxd5 Qe7 13. O-O Rxb2 14. Nc3 Rd8 15. Qf3 Ne6 16. Rfd1 Nd4 17. Qe4 Bf5 18. Nd5 Bxe4 19. Nxe7+ Kf8 20. Bxe4 Kxe7 21. Kf1 h6 22. f4 Nxc2 23. Rxd8 Kxd8 24. Rd1+ Ke7 25. Rc1 Ne3+ 26. Kg1 Kd8 27. Rc3 Ng4 28. h3 Re2 29. Bd3 Re1+ 30. Bf1 Ne3 31. Kf2 Nd1+ 32. Kxe1 Nxc3 33. Bc4 Ke7 34. Kd2 Ne4+ 35. Ke3 Nc5 36. Kd4 Nd7 37. f5 g5 38. g4 Nb6 39. Bb3 Nd7 40. Kd5 Nb8 41. f6+ Ke8 42. Ba4+ Kf8 43. Kc5 Kg8 44. a3 Kf8 45. Bc6 Kg8 46. a4 Kf8 47. Bb5 Kg8 48. a5 Kf8 49. a6 Kg8 50. Bc4 Kf8 51. Kd5 Ke8 52. e6 fxe6+ 53. Kxe6 Kf8 54. f7 Nc6 55. Kf6 Na5 56. Be6 c5 57. Kg6 c4 58. Kxh6 c3 59. Bf5 Nc6 60. Kxg5 Nd4 61. Bd3 Kxf7 62. h4 Nf3+ 63. Kf4 Ne1 64. Be4 c2 65. Bxc2 Nxc2 66. h5 Nb4 67. g5 Nxa6 68. Kf5 Nc7 69. h6 Ne8 70. g6+ Kg8 71. Ke6 Nc7+ 72. Kd6 a6 73. Kxc7 a5 74. Kd7 a4 75. Ke7 a3 76. h7+ Kg7 77. h8=Q+ Kxh8 78. Kf7 a2 79. g7+ Kh7 80. g8=Q+ Kh6 81. Qg6# 1-0


[Site "https://www.chess.com"]

[Event "Titled Tuesday Blitz April 4 Early 2023"]
[White "Bilan, Danila"]
[Black "Corrales Jimenez, Fidel"]
[WhiteFideId "24161918"]
[BlackFideId "3506690"]
[WhiteElo "2182"]
[BlackElo "2541"]
[Result "0-1"]
[Round "02"]
[TimeControl "180+2"]
[Date "2023.04.04"]
[WhiteClock "0:00:02"]
[BlackClock "0:01:28"]

1. d4 Nf6 2. Nf3 e6 3. g3 c5 4. c4 cxd4 5. Nxd4 Nc6 6. Nc3 Qb6 7. e3 Bb4 8. Bg2 Ne5 9. Qb3 Nd3+ 10. Ke2 Nc5 11. Qc2 d5 12. a3 Bxc3 13. Qxc3 O-O 14. Rd1 e5 15. Nc2 e4 16. Kf1 Bg4 17. Re1 Nd3 18. b4 dxc4 19. Bb2 Nxe1 20. Rxe1 Bf3 21. Nd4 Bxg2+ 22. Kxg2 Rfe8 23. Nf5 Rad8 24. Qxc4 Qe6 25. Qxe6 fxe6 26. Rc1 exf5 0-1


[Site "https://www.chess.com"]

[Event "Titled Tuesday Blitz April 4 Early 2023"]
[White "Moroni, Luca Jr"]
[Black "Martic, Ivan"]
[WhiteFideId "865834"]
[BlackFideId "929301"]
[WhiteElo "2569"]
[BlackElo "2360"]
[Result "1-0"]
[Round "02"]
[TimeControl "180+2"]
[Date "2023.04.04"]
[WhiteClock "0:00:40"]
[BlackClock "0:00:03"]

1. c4 g6 2. d4 Bg7 3. Nc3 Nf6 4. e4 d6 5. Bd3 O-O 6. Nge2 Nc6 7. O-O Nh5 8. Be3 e5 9. d5 Ne7 10. Qd2 f5 11. exf5 gxf5 12. f4 Ng6 13. fxe5 Bxe5 14. Nd4 f4 15. Bf2 f3 16. Bxg6 hxg6 17. Nxf3 Rxf3 18. gxf3 Bh3 19. Qh6 Bg7 20. Qxg6 Nf4 21. Qg3 Qf6 22. Rfe1 Rf8 23. Rad1 Kh8 24. Qh4+ Qxh4 25. Bxh4 Be5 26. Bg3 Rg8 27. Kf2 Bf5 28. Rxe5 dxe5 29. Bxf4 exf4 30. Ne2 Rf8 31. Rd4 Bb1 32. a3 Re8 33. Nxf4 Kh7 34. c5 Rd8 35. d6 cxd6 36. cxd6 Rd7 37. Ne6 Kg8 38. Nc5 Rd8 39. Nxb7 Rb8 40. d7 1-0


[Site "https://www.chess.com"]

[Event "Titled Tuesday Blitz April 4 Early 2023"]
[White "Guz, Ari"]
[Black "Gharibyan, Mamikon"]
[WhiteFideId "2825759"]
[BlackFideId "13308300"]
[WhiteElo "2205"]
[BlackElo "2445"]
[Result "1/2-1/2"]
[Round "02"]
[TimeControl "180+2"]
[Date "2023.04.04"]
[WhiteClock "0:00:51"]
[BlackClock "0:00:16"]

1. d4 Nf6 2. Nc3 d5 3. Bf4 c5 4. e4 cxd4 5. Qxd4 Nc6 6. Bb5 Bd7 7. Bxc6 Bxc6 8. e5 Nd7 9. e6 fxe6 10. Nf3 Qb6 11. Ne2 Qxd4 12. Nexd4 g5 13. Bg3 g4 14. Ng5 e5 15. Nde6 Rc8 16. h3 gxh3 17. Rxh3 h6 18. Nf3 e4 19. Ne5 Nxe5 20. Bxe5 Rh7 21. O-O-O h5 22. Nxf8 Kxf8 23. Rdh1 Be8 24. g4 Bd7 25. Rxh5 Rxh5 26. gxh5 Kg8 27. Rg1+ Kh7 28. Rg7+ Kh6 29. Rxe7 Bc6 30. Bd4 Kxh5 31. Bxa7 Ra8 32. Bd4 Rxa2 33. b4 Ba4 34. Rc7 Bc6 35. b5 Bxb5 36. Rxb7 Bc4 37. Kd2 Kg4 38. Rb2 Ra8 39. Rb7 Kf3 40. Rf7+ Kg2 41. Rg7+ Kf3 42. Rf7+ Kg4 43. Rg7+ Kf5 44. Rf7+ Ke6 45. Rf6+ Ke7 46. f3 exf3 47. Rxf3 Ke6 1/2-1/2


[Site "https://www.chess.com"]

[Event "Titled Tuesday Blitz April 4 Early 2023"]
[White "Bachmann, Axel"]
[Black "Souleidis, Georgios"]
[WhiteFideId "3700488"]
[BlackFideId "4206827"]
[WhiteElo "2605"]
[BlackElo "2401"]
[Result "1-0"]
[Round "02"]
[TimeControl "180+2"]
[Date "2023.04.04"]
[WhiteClock "0:00:16"]
[BlackClock "0:00:05"]

1. Nf3 Nf6 2. c4 g6 3. b3 Bg7 4. Bb2 b6 5. g3 Bb7 6. Bg2 O-O 7. O-O c5 8. d4 cxd4 9. Qxd4 Nh5 10. Qd2 Bxb2 11. Qxb2 d6 12. Nc3 Nd7 13. Rfd1 Rc8 14. Rd2 Nhf6 15. Rad1 Ne4 16. Nxe4 Bxe4 17. Rd4 Bc6 18. Qd2 Qc7 19. Qh6 Bxf3 20. Bxf3 Rfd8 21. h4 Nf8 22. h5 e6 23. Qg5 Qc5 24. Qxc5 bxc5 25. Rxd6 Rxd6 26. Rxd6 Kg7 27. hxg6 hxg6 28. Kf1 Kf6 29. Ke1 Ke7 30. Ra6 Rc7 31. Kd2 Nd7 32. Kc3 f5 33. g4 Ne5 34. gxf5 gxf5 35. a3 Kf6 36. Bd5 Re7 37. b4 Nd7 38. Bf3 cxb4+ 39. axb4 Ne5 40. b5 Kf7 41. c5 Rc7 42. Kb4 Nd7 43. c6 Ne5 44. Kc5 Ke7 45. Ra1 Nf7 46. b6 axb6+ 47. Kxb6 Rc8 48. Ra7+ Kd6 49. Rd7+ 1-0


[Site "https://www.chess.com"]